 Dungeon Sprint DCSS version 0.31.0-32-g396128a36d (webtiles) character file.

Game seed: 11071710274987484409

248792 BigDaddyOpFi the Axe Maniac (level 27, -2/201 HPs)
             Began as an Octopode Fighter on Mar 7, 2024.
             Was the Champion of Qazlal.
             Slain by Porchei the pandemonium lord (39 damage)
             ... in the Dungeon (Sprint VI: "Thunderdome") on Mar 11, 2024.
             The game lasted 00:55:40 (6153 turns).

BigDaddyOpFi the Axe Maniac (Octopode Fighter)      Turns: 6153, Time: 00:55:42

Health: -2/201     AC: 11    Str: 44    XL:     27
Magic:  0/44       EV: 42    Int: 17    God:    Qazlal [******]
Gold:   16337      SH: 38    Dex: 28    Spells: 70/70 levels left

rFire   . . .        E - +9 broad axe (distort)
rCold   + + .        k - +1 tower shield of the Lily {Regen+}
rNeg    + + .        x - +4 hat "Bukhoho" {Str+6}
rPois   +            C - amulet of regeneration
rElec   +            H - ring of Tumasont {Str+4 Dex+6 Slay+2}
rCorr   +            q - ring of Wishful Thinking {rC- AC+4 Str+4 Dex+3}
SInv    +            p - ring of Gekiph {rElec Str+6 Int+5}
Will    +++..        D - ring "Piydoy" {rC+ rCorr Dex+3 Stlth+}
Stlth   +            r - ring "Abrawer" {rPois rF+ Dex+3}
HPRegen 0.00/turn    s - ring "Woipe" {Ice Fly rN+ SInv}
MPRegen 0.29/turn    y - ring "Kutoef" {rElec rC+ rCorr Dex+2}
                     v - ring "Funezim" {Fly rElec rPois rN+ Str+2}

%: no teleportation, random rage (3%), repel missiles
@: on berserk cooldown, flying, inhibited regen, slowed, studying Short Blades,
very slow
A: almost no armour, amphibious, 8 rings, camouflage 1, gelatinous body 1,
(nimble swimmer 1), tentacles, fangs 1, iridescent scales 1, berserk 1, clumsy
2, deterioration 2, frail 1, low MP 1, strong-willed 1, screaming 1, inhibited
regeneration, weak 1, inability to drink after injury 2, inability to read after
injury 1, persistent drain
0: Orb of Zot
}: 7/15 runes: serpentine, barnacled, slimy, silver, obsidian, magical, mossy
a: Renounce Religion, Upheaval, Elemental Force, Disaster Area


You were in the Dungeon.
You worshipped Qazlal.
Qazlal was exalted by your worship.
You visited 1 branch You collected 28150 gold pieces.
You spent 11813 gold pieces at shops.

Inventory:

Hand Weapons
 e - a +9 broad axe of flaming
 t - a +0 broad axe of flaming
 E - a +9 broad axe of distortion (weapon)
Armour
 j - a +4 kite shield
 k - the +1 tower shield of the Lily (worn) {Regen+}
   (You bought it in a shop in the Dungeon)

   Regen+:    It increases your rate of health regeneration.
 u - the +1 hat of the Spheres {Rampage rF+ SInv}
   (You bought it in a shop in the Dungeon)

   rF+:       It protects you from fire.
   SInv:      It lets you see invisible.
   Rampage:   It bestows one free step when moving towards enemies.
 x - the +4 hat "Bukhoho" (worn) {Str+6}
   (You found it in the Dungeon)

   Str+6:     It affects your strength (+6).
 B - a +0 plate armour
 O - the +0 kite shield "Xigid" {*Corrode Regen+ Int+3}
   (You bought it in a shop in the Dungeon)

   Int+3:     It affects your intelligence (+3).
   Regen+:    It increases your rate of health regeneration.
   *Corrode:  It may corrode you when you take damage.
 S - a +0 robe
Jewellery
 a - the ring "Gihojuzi" {rN+ Int+6}
   (You bought it in a shop in the Dungeon)

   [ring of intelligence]

   Int+6:     It affects your intelligence (+6).
   rN+:       It protects you from negative energy.
 n - the ring "Tiqushr Hidd" {Will+ MP+9 Int+6 Stlth-}
   (You bought it in a shop in the Dungeon)

   [ring of intelligence]

   Int+6:     It affects your intelligence (+6).
   Will+:     It increases your willpower.
   MP+9:      It affects your magic capacity (+9).
   Stlth-:    It makes you less stealthy.
 o - the ring of Kaibbo {rPois rN+ MP+9}
   (You bought it in a shop in the Dungeon)

   [ring of magical power]

   rPois:     It protects you from poison rN+: It protects you from negative
   energy.
   MP+9:      It affects your magic capacity (+9).
 p - the ring of Gekiph (on tentacle) {rElec Str+6 Int+5}
   (You bought it in a shop in the Dungeon)

   [ring of strength]

   Str+6:     It affects your strength (+6).
   Int+5:     It affects your intelligence (+5).
   rElec:     It insulates you from electricity.
 q - the ring of Wishful Thinking (right tentacle) {rC- AC+4 Str+4 Dex+3}
   (You bought it in a shop in the Dungeon)

   [ring of protection]

   AC+4:      It affects your AC (+4).
   Str+4:     It affects your strength (+4).
   Dex+3:     It affects your dexterity (+3).
   rC-:       It makes you vulnerable to cold.
 r - the ring "Abrawer" (on tentacle) {rPois rF+ Dex+3}
   (You bought it in a shop in the Dungeon)

   [ring of poison resistance]

   Dex+3:     It affects your dexterity (+3).
   rF+:       It protects you from fire.
   rPois:     It protects you from poison
 s - the ring "Woipe" (on tentacle) {Ice Fly rN+ SInv}
   (You bought it in a shop in the Dungeon)

   [ring of ice]

   Ice:       It enhances your ice magic.
   rF-:       It makes you vulnerable to fire.
   rC+:       It protects you from cold.
   rN+:       It protects you from negative energy.
   SInv:      It lets you see invisible.
   Fly:       It grants you flight.
 v - the ring "Funezim" (on tentacle) {Fly rElec rPois rN+ Str+2}
   (You bought it in a shop in the Dungeon)

   [ring of poison resistance]

   Str+2:     It affects your strength (+2).
   rElec:     It insulates you from electricity.
   rPois:     It protects you from poison rN+: It protects you from negative
   energy.
   Fly:       It grants you flight.
 w - a ring of protection from cold
 y - the ring "Kutoef" (on tentacle) {rElec rC+ rCorr Dex+2}
   (You bought it in a shop in the Dungeon)

   [ring of resist corrosion]

   Dex+2:     It affects your dexterity (+2).
   rC+:       It protects you from cold.
   rElec:     It insulates you from electricity.
   rCorr:     It protects you from acid and corrosion.
 A - the ring of Nypopt {*Slow rF++ rC+ rN+ MP+9}
   (You bought it in a shop in the Dungeon)

   [ring of positive energy]

   rF++:      It greatly protects you from fire.
   rC+:       It protects you from cold.
   rN+:       It protects you from negative energy.
   MP+9:      It affects your magic capacity (+9).
   *Slow:     It may slow you when you take damage.
 C - an amulet of regeneration (around mantle)
 D - the ring "Piydoy" (on tentacle) {rC+ rCorr Dex+3 Stlth+}
   (You found it in the Dungeon)

   [ring of protection from cold]

   Dex+3:     It affects your dexterity (+3).
   rC+:       It protects you from cold.
   rCorr:     It protects you from acid and corrosion.
   Stlth+:    It makes you more stealthy.
 G - the ring of Exyu {rElec rN+}
   (You bought it in a shop in the Dungeon)

   [ring of positive energy]

   rElec:     It insulates you from electricity.
   rN+:       It protects you from negative energy.
 H - the ring of Tumasont (left tentacle) {Str+4 Dex+6 Slay+2}
   (You bought it in a shop in the Dungeon)

   [ring of dexterity]

   Str+4:     It affects your strength (+4).
   Dex+6:     It affects your dexterity (+6).
   Slay+2:    It affects your accuracy & damage with ranged weapons and melee
   (+2).
 I - the ring "Age Imiu" {Will+ Stlth+}
   (You bought it in a shop in the Dungeon)

   [ring of willpower]

   Will+:     It increases your willpower.
   Stlth+:    It makes you more stealthy.
 K - the ring "Wikhion" {Wiz rElec Will- rCorr Str-2}
   (You bought it in a shop in the Dungeon)

   [ring of wizardry]

   Wiz:       It improves your spell success rate.
   Str-2:     It affects your strength (-2).
   rElec:     It insulates you from electricity.
   Will-:     It decreases your willpower.
   rCorr:     It protects you from acid and corrosion.
 L - the ring "Munuf" {Ice rPois rN+}
   (You bought it in a shop in the Dungeon)

   [ring of ice]

   Ice:       It enhances your ice magic.
   rF-:       It makes you vulnerable to fire.
   rC+:       It protects you from cold.
   rPois:     It protects you from poison rN+: It protects you from negative
   energy.
 M - the ring "Ohagiter" {Ice rN+}
   (You bought it in a shop in the Dungeon)

   [ring of ice]

   Ice:       It enhances your ice magic.
   rF-:       It makes you vulnerable to fire.
   rC+:       It protects you from cold.
   rN+:       It protects you from negative energy.
 N - the ring "Zivu" {*Corrode rN+ Will+ Int+2}
   (You bought it in a shop in the Dungeon)

   [ring of willpower]

   Int+2:     It affects your intelligence (+2).
   rN+:       It protects you from negative energy.
   Will+:     It increases your willpower.
   *Corrode:  It may corrode you when you take damage.
 R - an amulet of reflection
Wands
 l - a wand of roots (5)
 J - a wand of light (5)
Scrolls
 b - 2 scrolls of enchant weapon
 i - 3 scrolls of blinking
 m - 3 scrolls of fog
 P - 3 scrolls of identify
Potions
 c - 7 potions of might
 d - 5 potions of curing
 f - 4 potions of haste
 g - a potion of magic
 h - 3 potions of berserk rage
 z - 8 potions of heal wounds
 F - 4 potions of resistance
 Q - a potion of lignification


   Skills:
 O Level 27 Fighting
 O Level 27 Axes
 O Level 27 Dodging
 O Level 27 Stealth
 O Level 27 Shields
 - Level 3.9 Unarmed Combat
 * Level 22.1 Spellcasting
 * Level 11.7 Earth Magic
 O Level 27 Invocations
 O Level 27 Evocations


You had 70 spell levels left.
You didn't know any spells.
Your spell library contained the following spells:

 Spells                   Type           Power      Damage    Failure   Level
 Gell's Gravitas          Tloc           18%        N/A       8%          3
 Teleport Other           Tloc           18%        N/A       8%          3
 Dispersal                Tloc           9%         N/A       98%         6
 Haunt                    Necr/Summ      9%         N/A       100%        7
 Malign Gateway           Summ/Tloc      9%         N/A       100%        7
 Borgnjor's Revivificati  Necr           9%         N/A       100%        8
 Summon Horrible Things   Summ           9%         N/A       100%        8
 Chain Lightning          Conj/Air       9%         3d12      100%        9
 Death's Door             Necr           9%         N/A       100%        9
 Fire Storm               Conj/Fire      9%         8d2       100%        9
 Shatter                  Erth           28%        3d23*     100%        9


Dungeon Overview and Level Annotations

Branches:
Dungeon (1/1)

Altars:
Cheibriados
Dithmenos
Fedhas
Gozag
Kikubaaqudgha
Makhleb
Okawaru
Qazlal
Ru
Sif Muna
Trog
Uskayaw
Vehumet
Wu Jian
Xom
Yredelemnul
Zin
The Shining One
Lugonu

Shops:
D [=??*?*:[((!!!


Innate Abilities, Weirdness & Mutations

You cannot wear most types of armour.
You are amphibious.
You can wear up to eight rings at the same time.
Your skin changes colour to match your surroundings (Stealth+).
Your rubbery body absorbs attacks. (AC +1, EV +1)
((You are camouflaged when in or above water. (Stealth+)))
You have tentacles for arms and can constrict up to eight enemies at once.
You have very sharp teeth.
You are partially covered in iridescent scales. (AC +2)
You sometimes lose your temper in combat.
You are very clumsy. (Dex -4)
Your body often deteriorates upon taking damage.
You are frail. (-10% HP)
Your magical capacity is low. (-10% MP)
You are strong-willed. (Will+)
You occasionally shout uncontrollably at your foes.
You do not regenerate when monsters are visible.
You are weak. (Str -2)
You sometimes lose the ability to drink potions when taking damage.
You occasionally lose the ability to read scrolls when taking damage.
Your health recovers twice as slowly from being drained.


Message History

Porchei blinks!
Unknown command.
You feel a strong urge to attack something.
You are no longer berserk.
You are exhausted.
You feel yourself slow down.
Porchei is engulfed in freezing vapours.
You block Porchei's attack.
The Ice Fiend calls on the powers of darkness!
Your body is wracked with pain!
* * * LOW HITPOINT WARNING * * *
Unknown command.
Okay, then.
Blink to where?
Press: ? - help, Dir - move target A neqoxec comes into view.
As you read the scroll of blinking, it crumbles to dust.
The neqoxec shouts!
You feel much better. Porchei fires a harpoon shot at you.
You block the harpoon shot.
You feel much better.
The neqoxec gestures at Porchei.
Something gnaws heavily on your mind!
You feel your power leaking away. The neqoxec gestures at you.
Strange energies course through your body.
You feel weaker. The neqoxec gestures at you.
Something gnaws heavily on your mind!
You feel much better.
The neqoxec gestures at the Ice Fiend.
Something gnaws heavily on your mind!
You feel much better. You block the neqoxec's attack. Porchei hits you!!!
* * * LOW HITPOINT WARNING * * *
The Ice Fiend calls on the powers of darkness!
Your body is wracked with pain!
* * * LOW HITPOINT WARNING * * *
The neqoxec completely misses you. Porchei hits you!!!
You die...

[.[...13)[.# #...# #)[).......⌠#
§...).(...[###...###..).....).⌠#
#.....[.[..)..###.)..).......)##
###∩..)....38.# #.8[)......∩###
##∩___.)[13[###[....)___∩##
######.8..)...[))8)######
#[...[3...☼..)# ###.[[○&§3°.###
#_.)§.@☼._# #_.[..°)._#
#_..°○.§._# #∩.))[..(∩#
##∩..)..∩## ##.....## ##⌠⌠⌠##
#####


You could see Porchei, an Ice Fiend and 4 neqoxecs.

Vanquished Creatures
  Asmodeus (D)
  Mennas (D)
  Lom Lobon (D)
  7 pandemonium lords (D)
  Tiamat (D)
  An orb of fire (D)
  An acid blob (D)
  2 ancient liches (D)
  Agnes (D)
  A Killer Klown (D)
  A profane servitor (D)
  2 Brimstone Fiends (D)
  4 electric golems (D)
  13 hellephants (D)
  A Tzitzimitl (D)
  A Hell Sentinel (D)
  8 Orb Guardians (D)
  14 tentacled monstrosities (D)
  Ilsuiw (D)
  6 titans (D)
  A searing wretch (D)
  An Executioner (D)
  6 storm dragons (D)
  A fenstrider witch (D)
  An azure jelly (D)
  2 frost giants (D)
  An angel (D)
  3 balrugs (D)
  2 cacodemons (D)
  3 stone giants (D)
  A lorocyproca (D)
  7 vampire knights (D)
  A demonspawn black sun (D)
  A green death (D)
  2 blizzard demons (D)
  3 mummy priests (D)
  11 ettins (D)
  3 merfolk impalers (D)
  5 merfolk javelineers (D)
  Josephine (D)
  4 hydras (D)
  3 hell beasts (D)
  An ogre mage (D)
  9 spriggan air magi (D)
  4 merfolk aquamancers (D)
  4 merfolk avatars (D)
  13 dancing weapons (D)
  2 alligators (D)
  A death yak (D)
  13 boulder beetles (D)
  4 two-headed ogres (D)
  A satyr (D)
  7 vampire magi (D)
  9 sun demons (D)
  3 orc high priests (D)
  A soul eater (D)
  3 iron trolls (D)
  4 sixfirhies (D)
  A spriggan druid (D)
  3 flayed ghosts (D)
  A goliath frog (D)
  A shadow demon (D)
  10 orb spiders (D)
  2 swamp dragons (D)
  2 harpies (D)
  An orc sorcerer (D)
  An oklob plant (D)
  3 orc knights (D)
  6 moths of wrath (D)
  3 manticores (D)
  A toenail golem (D)
  A guardian serpent (D)
  4 rust devils (D)
  2 water nymphs (D)
  3 gargoyles (D)
  3 orange demons (D)
  2 large abominations (D)
  3 smoke demons (D)
  A cane toad (D)
  5 hellions (D)
  2 black mambas (D)
  An efreet (D)
  A komodo dragon (D)
  4 ice devils (D)
  2 golden dragon simulacra (D)
  A red devil (D)
  3 hellwings (D)
  A queen bee (D)
  4 guardian mummies (D)
  3 silent spectres (D)
  A wind drake (D)
  A hornet (D)
  2 merfolk (D)
  Grinder (D)
  2 stone giant simulacra (D)
  A slime creature (D)
  A spriggan (D)
  Sigmund (D)
  A yak (D)
  A ynoxinul (D)
  Eustachio (D)
  40 neqoxecs (D)
  A vampire mosquito (D)
  Menkaure (D)
  4 hydra simulacra (D)
  A water moccasin (D)
  2 orc warriors (D)
  9 sky beasts (D)
  3 ogres (D)
  A phantom (D)
  2 earth elementals (D)
  A wight (D)
  8 killer bees (D)
  A crimson imp (D)
  2 orc priests (D)
  An iron imp (D)
  3 spriggan simulacra (D)
  12 mummies (D)
  An adder (D)
  A white imp (D)
  2 ufetubi (D)
  An orc (D)
  A hobgoblin (D)
  A quokka skeleton (D)
  A quokka zombie (D)
  3 ball lightnings (D)
  2 spectral weapons (D)
409 creatures vanquished.

Vanquished Creatures (collateral kills)
  A Killer Klown (D)
  5 hellephants (D)
  A naga warrior (D)
  An orc sorcerer (D)
  A black mamba (D)
9 creatures vanquished.

Grand Total: 418 creatures vanquished

Notes
Turn   | Place    | Note
-------+----------+-------------------------------------------
     0 | D        | BigDaddyOpFi the Octopode Fighter began the quest for the
                  | Orb.
     0 | D        | Reached XP level 1. HP: 16/16 MP: 1/1
     3 | D        | Found a shimmering altar of Xom.
     4 | D        | Found a stormy altar of Qazlal.
     4 | D        | Found a shadowy altar of Dithmenos.
     5 | D        | Found a hide-covered altar of Uskayaw.
     5 | D        | Round 1.
     6 | D        | Found Aqonwueb's Timeless Talismans.
     6 | D        | Found a burning altar of Makhleb.
     6 | D        | Found a corrupted altar of Lugonu.
     6 | D        | Found Enoud's Identification Station.
     7 | D        | Found Pibbill's Jewellery.
     7 | D        | Found Luasexes's Advanced Armour.
    14 | D        | Became a worshipper of Qazlal Stormbringer
    23 | D        | Reached skill level 1 in Invocations
    23 | D        | Reached XP level 2. HP: 21/21 MP: 1/3
    28 | D        | Found an iron altar of Okawaru.
    33 | D        | Found a snail-covered altar of Cheibriados.
    35 | D        | Found a basalt altar of Yredelemnul.
    36 | D        | Found Typaos's Premium Goods.
    36 | D        | Noticed a phantom
    37 | D        | Found a blossoming altar of Fedhas.
    37 | D        | Found a bloodstained altar of Trog.
    37 | D        | Found a sacrificial altar of Ru.
    37 | D        | Found Lalav's Weapon Rack.
    37 | D        | Found Ukken's Miscellaneous Merchandise.
    37 | D        | Found Qajur's Basic Armour.
    57 | D        | Killed a phantom
    57 | D        | Reached * piety under Qazlal
    58 | D        | Reached skill level 5 in Dodging
    58 | D        | Reached XP level 3. HP: 19/28 MP: 3/5
    58 | D        | Reached XP level 4. HP: 23/34 MP: 3/6
    60 | D        | Found an opulent altar of Gozag.
    61 | D        | Found an ancient bone altar of Kikubaaqudgha.
    62 | D        | Found a glowing golden altar of the Shining One.
    63 | D        | Found Mueduat's Do-It-Yourself Clinic.
    64 | D        | Found Pefoirphe's Bottled Wisdom.
    64 | D        | Found Botilax's Distillery.
    64 | D        | Found an ornate altar of the Wu Jian Council.
    64 | D        | Found a shimmering blue altar of Sif Muna.
    64 | D        | Found Erian's Distillery.
    68 | D        | Found a glowing silver altar of Zin.
    69 | D        | Found a radiant altar of Vehumet.
    72 | D        | Found Iri Oge's Staff Store.
    73 | D        | Found Lumehukh's Magic Scroll Shop.
    73 | D        | Found Ciab's Must-Have Magic.
    73 | D        | Found Oridea's Magic Scroll Shop.
    78 | D        | Reached skill level 5 in Fighting
    85 | D        | Noticed Sigmund
    90 | D        | Killed Sigmund
    90 | D        | Arena points: 12 (+12) [x2]
    91 | D        | Reached skill level 5 in Invocations
    91 | D        | Reached XP level 5. HP: 35/42 MP: 6/9
    91 | D        | Reached XP level 6. HP: 40/47 MP: 6/10
    98 | D        | Bought a faintly glowing bone ring for 45 gold pieces
    98 | D        | Identified the ring "Tiqushr Hidd" {Will+ MP+9 Int+6
                  | Stlth-} (You bought it in a shop in the Dungeon)
    98 | D        | Bought a coiled lapis lazuli ring for 45 gold pieces
    98 | D        | Identified the ring of Kaibbo {rPois rN+ MP+9} (You bought
                  | it in a shop in the Dungeon)
    98 | D        | Bought a crude brass ring for 45 gold pieces
    98 | D        | Identified the ring of Gekiph {rElec Str+6 Int+5} (You
                  | bought it in a shop in the Dungeon)
    98 | D        | Bought a brightly glowing turquoise ring for 45 gold pieces
    98 | D        | Identified the ring of Wishful Thinking {rC- AC+4 Str+4
                  | Dex+3} (You bought it in a shop in the Dungeon)
   166 | D        | Round 2.
   171 | D        | Reached ** piety under Qazlal
   187 | D        | Noticed Eustachio
   199 | D        | Killed Eustachio
   221 | D        | Noticed Grinder
   231 | D        | Killed Grinder
   232 | D        | Reached XP level 7. HP: 17/54 MP: 12/12
   309 | D        | Reached *** piety under Qazlal
   309 | D        | Arena points: 48 (+36) [x3]
   324 | D        | Bought a flickering carnelian ring for 45 gold pieces
   324 | D        | Identified the ring "Abrawer" {rPois rF+ Dex+3} (You bought
                  | it in a shop in the Dungeon)
   324 | D        | Bought a flickering lapis lazuli ring for 45 gold pieces
   324 | D        | Identified the ring "Woipe" {Ice Fly rN+ SInv} (You bought
                  | it in a shop in the Dungeon)
   340 | D        | Round 3.
   341 | D        | Noticed Menkaure
   347 | D        | Killed Menkaure
   366 | D        | Noticed a guardian mummy
   375 | D        | Killed a guardian mummy
   376 | D        | Reached XP level 8. HP: 41/62 MP: 14/14
   407 | D        | Noticed a guardian mummy
   419 | D        | Killed a guardian mummy
   446 | D        | Reached **** piety under Qazlal
   459 | D        | Noticed a guardian mummy
   469 | D        | Killed a guardian mummy
   469 | D        | Arena points: 132 (+84) [x4]
   498 | D        | Bought a +0 broad axe for 120 gold pieces
   529 | D        | Round 4.
   531 | D        | Noticed an orc sorcerer
   534 | D        | Noticed a red devil
   537 | D        | Reached skill level 10 in Axes
   539 | D        | Killed an orc sorcerer
   540 | D        | Reached XP level 9. HP: 53/69 MP: 16/16
   591 | D        | Reached ***** piety under Qazlal
   626 | D        | Noticed an orc knight
   635 | D        | Killed an orc knight
   636 | D        | Reached skill level 10 in Invocations
   664 | D        | Arena points: 272 (+140) [x5]
   684 | D        | Round 5.
   687 | D        | Bought a scroll of brand weapon for 95 gold pieces
   703 | D        | Noticed a guardian serpent
   717 | D        | Killed a guardian serpent
   718 | D        | Reached skill level 10 in Fighting
   727 | D        | Noticed a black mamba
   730 | D        | HP: 3/70 [black mamba (15)]
   733 | D        | Noticed a naga warlord
   738 | D        | Killed a black mamba
   741 | D        | Noticed a salamander
   744 | D        | Killed a naga warlord
   744 | D        | Arena points: 552 (+280) [x7]
   745 | D        | Reached skill level 10 in Dodging
   745 | D        | Reached XP level 10. HP: 8/77 MP: 18/18
   745 | D        | Got a serpentine rune of Zot
   821 | D        | Upgraded the game from 0.31.0-12-g77e489cdc1 to
                  | 0.31.0-32-g396128a36d
   837 | D        | Bought a scroll of brand weapon for 95 gold pieces
   939 | D        | Round 6.
   960 | D        | Noticed a gargoyle
   968 | D        | Killed a gargoyle
   969 | D        | Noticed a boulder beetle
   979 | D        | Killed a boulder beetle
   991 | D        | Reached skill level 1 in Evocations
  1021 | D        | Noticed a gargoyle
  1029 | D        | Killed a gargoyle
  1037 | D        | Noticed a gargoyle
  1039 | D        | Noticed a rust devil
  1041 | D        | Killed a gargoyle
  1051 | D        | Killed a rust devil
  1070 | D        | Arena points: 984 (+432) [x8]
  1124 | D        | Round 7.
  1124 | D        | Noticed a two-headed ogre
  1132 | D        | Killed a two-headed ogre
  1168 | D        | Noticed a two-headed ogre
  1177 | D        | Killed a two-headed ogre
  1178 | D        | Reached skill level 10 in Shields
  1178 | D        | Reached XP level 11. HP: 65/83 MP: 21/21
  1181 | D        | Reached ****** piety under Qazlal
  1206 | D        | Noticed an ogre mage
  1215 | D        | Killed an ogre mage
  1216 | D        | Reached skill level 15 in Axes
  1251 | D        | Noticed a two-headed ogre
  1257 | D        | Noticed a two-headed ogre
  1259 | D        | Killed a two-headed ogre
  1268 | D        | Killed a two-headed ogre
  1268 | D        | Arena points: 1551 (+567) [x9]
  1282 | D        | Bought 8 scrolls of enchant weapon for 600 gold pieces
  1311 | D        | Round 8.
  1312 | D        | Bought a jewelled hat for 315 gold pieces
  1312 | D        | Identified the +1 hat of the Spheres {Rampage rF+ SInv}
                  | (You bought it in a shop in the Dungeon)
  1384 | D        | Noticed an oklob plant
  1439 | D        | Killed an oklob plant
  1453 | D        | Arena points: 2431 (+880) [x10]
  1482 | D        | Reached skill level 15 in Invocations
  1482 | D        | Reached XP level 12. HP: 92/92 MP: 23/23
  1488 | D        | Bought a scintillating bone ring for 45 gold pieces
  1488 | D        | Identified the ring "Gihojuzi" {rN+ Int+6} (You bought it
                  | in a shop in the Dungeon)
  1488 | D        | Bought a scintillating ivory ring for 45 gold pieces
  1488 | D        | Identified the ring "Funezim" {Fly rElec rPois rN+ Str+2}
                  | (You bought it in a shop in the Dungeon)
  1494 | D        | Round 9.
  1625 | D        | Noticed Josephine
  1632 | D        | Killed Josephine
  1664 | D        | Arena points: 3520 (+1089) [x11]
  1676 | D        | Bought 4 scrolls of enchant armour for 300 gold pieces
  1691 | D        | Round 10.
  1697 | D        | Bought a spiked tower shield for 332 gold pieces
  1697 | D        | Identified the +1 tower shield of the Lily {Regen+} (You
                  | bought it in a shop in the Dungeon)
  1716 | D        | Noticed Ilsuiw
  1728 | D        | Killed Ilsuiw
  1728 | D        | Identified the +4 hat "Bukhoho" {Str+6} (You found it in
                  | the Dungeon)
  1728 | D        | Arena points: 4820 (+1300) [x13]
  1731 | D        | Got a barnacled rune of Zot
  1781 | D        | Bought 3 potions of heal wounds for 105 gold pieces
  1781 | D        | Bought 3 potions of heal wounds for 105 gold pieces
  1781 | D        | Bought 3 potions of heal wounds for 105 gold pieces
  1801 | D        | Bought 2 potions of berserk rage for 70 gold pieces
  1925 | D        | Round 11.
  1936 | D        | Noticed a merfolk avatar
  1937 | D        | Reached XP level 13. HP: 62/99 MP: 25/25
  2017 | D        | Arena points: 6668 (+1848) [x14]
  2036 | D        | Bought a scorched granite ring for 45 gold pieces
  2036 | D        | Identified the ring "Kutoef" {rElec rC+ rCorr Dex+2} (You
                  | bought it in a shop in the Dungeon)
  2036 | D        | Bought a scorched platinum ring for 45 gold pieces
  2036 | D        | Identified the ring of Nypopt {*Slow rF++ rC+ rN+ MP+9}
                  | (You bought it in a shop in the Dungeon)
  2059 | D        | Round 12.
  2170 | D        | Arena points: 8648 (+1980) [x15]
  2228 | D        | Bought an amulet of regeneration for 450 gold pieces
  2235 | D        | Reached XP level 14. HP: 108/108 MP: 26/26
  2242 | D        | Round 13.
  2371 | D        | Arena points: 10728 (+2080) [x16]
  2372 | D        | Reached skill level 15 in Fighting
  2430 | D        | Bought 3 scrolls of blinking for 225 gold pieces
  2431 | D        | Round 14.
  2501 | D        | Reached skill level 15 in Shields
  2531 | D        | Arena points: 14298 (+3570) [x17]
  2564 | D        | Bought 6 potions of might for 168 gold pieces
  2564 | D        | Bought 2 potions of mutation for 112 gold pieces
  2564 | D        | Gained mutation: You are frail. (-10% HP) [potion of
                  | mutation]
  2564 | D        | Gained mutation: Your muscles are strong. (Str +4, Int/Dex
                  | -1) [potion of mutation]
  2565 | D        | Lost mutation: You are frail. (-10% HP) [potion of
                  | mutation]
  2565 | D        | Lost mutation: Your muscles are strong. (Str +4, Int/Dex
                  | -1) [potion of mutation]
  2565 | D        | Gained mutation: You have very sharp teeth. [potion of
                  | mutation]
  2565 | D        | Gained mutation: You are partially covered in iridescent
                  | scales. (AC +2) [potion of mutation]
  2565 | D        | Gained mutation: You are robust. (+10% HP) [potion of
                  | mutation]
  2565 | D        | Gained mutation: You are strong-willed. (Will+) [potion of
                  | mutation]
  2593 | D        | Round 15.
  2612 | D        | Noticed Agnes
  2623 | D        | Killed Agnes
  2623 | D        | Identified the ring "Piydoy" {rC+ rCorr Dex+3 Stlth+} (You
                  | found it in the Dungeon)
  2623 | D        | Arena points: 17433 (+3135) [x19]
  2626 | D        | Got a mossy rune of Zot
  2627 | D        | Reached XP level 15. HP: 71/127 MP: 28/28
  2722 | D        | Bought 2 potions of experience for 600 gold pieces
  2722 | D        | Reached XP level 16. HP: 135/135 MP: 29/29
  2723 | D        | Reached XP level 17. HP: 141/141 MP: 30/30
  2803 | D        | Round 16.
  2883 | D        | Reached XP level 18. HP: 148/148 MP: 31/31
  2895 | D        | Arena points: 20953 (+3520) [x20]
  2936 | D        | Bought 4 potions of curing for 84 gold pieces
  2936 | D        | Bought 3 potions of heal wounds for 105 gold pieces
  2938 | D        | Bought 3 potions of experience for 900 gold pieces
  2938 | D        | Reached XP level 19. HP: 157/157 MP: 32/32
  2938 | D        | Round 17.
  2964 | D        | Arena points: 25951 (+4998) [x21]
  2983 | D        | Bought 3 potions of heal wounds for 105 gold pieces
  2983 | D        | Bought 3 potions of heal wounds for 105 gold pieces
  2983 | D        | Bought 3 potions of heal wounds for 105 gold pieces
  3010 | D        | Round 18.
  3015 | D        | Reached skill level 15 in Dodging
  3015 | D        | Reached XP level 20. HP: 166/166 MP: 30/34
  3016 | D        | Reached XP level 21. HP: 172/172 MP: 31/35
  3162 | D        | Arena points: 31099 (+5148) [x22]
  3184 | D        | Round 19.
  3191 | D        | Bought 8 scrolls of enchant weapon for 600 gold pieces
  3237 | D        | Bought a ring of protection from cold for 375 gold pieces
  3324 | D        | Arena points: 38528 (+7429) [x23]
  3343 | D        | Bought 4 scrolls of blinking for 300 gold pieces
  3359 | D        | Bought 3 potions of experience for 900 gold pieces
  3360 | D        | Reached XP level 22. HP: 182/182 MP: 36/36
  3361 | D        | Reached XP level 23. HP: 189/189 MP: 38/38
  3362 | D        | Reached XP level 24. HP: 196/196 MP: 38/38
  3368 | D        | Round 20.
  3370 | D        | Noticed Mennas
  3388 | D        | Killed Mennas
  3388 | D        | Arena points: 45028 (+6500) [x25]
  3392 | D        | Got a silver rune of Zot
  3394 | D        | Reached XP level 25. HP: 143/203 MP: 38/38
  3590 | D        | Round 21.
  3687 | D        | Noticed Jory
  3696 | D        | Banished Jory
  3716 | D        | Arena points: 54310 (+9282) [x26]
  3760 | D        | Bought 6 potions of resistance for 420 gold pieces
  3768 | D        | Bought 3 potions of heal wounds for 105 gold pieces
  3768 | D        | Bought 3 potions of heal wounds for 105 gold pieces
  3770 | D        | Bought a potion of experience for 300 gold pieces
  3770 | D        | Bought a potion of experience for 300 gold pieces
  3770 | D        | Reached XP level 26. HP: 213/213 MP: 38/38
  3771 | D        | Reached XP level 27. HP: 220/220 MP: 38/38
  3788 | D        | Round 22.
  3876 | D        | Reached skill level 10 in Evocations
  3951 | D        | Arena points: 63814 (+9504) [x27]
  3964 | D        | Bought a smoking lapis lazuli ring for 45 gold pieces
  3964 | D        | Identified the ring of Exyu {rElec rN+} (You bought it in a
                  | shop in the Dungeon)
  3964 | D        | Bought a slimy wooden ring for 45 gold pieces
  3964 | D        | Identified the ring of Tumasont {Str+4 Dex+6 Slay+2} (You
                  | bought it in a shop in the Dungeon)
  3981 | D        | Round 23.
  4027 | D        | Arena points: 74118 (+10304) [x28]
  4058 | D        | Round 24.
  4077 | D        | Gained mutation: You occasionally shout uncontrollably at
                  | your foes. [a neqoxec]
  4077 | D        | Gained mutation: Your magical capacity is low. (-10% MP) [a
                  | neqoxec]
  4094 | D        | Gained mutation: You do not regenerate when monsters are
                  | visible. [a neqoxec]
  4126 | D        | Gained mutation: Your body sometimes deteriorates upon
                  | taking damage. [a neqoxec]
  4136 | D        | Gained mutation: Your body often deteriorates upon taking
                  | damage. [a neqoxec]
  4165 | D        | Gained mutation: You sometimes lose your temper in combat.
                  | [a neqoxec]
  4184 | D        | Arena points: 88038 (+13920) [x29]
  4248 | D        | Round 25.
  4277 | D        | Arena points: 98888 (+10850) [x31]
  4280 | D        | Got a slimy rune of Zot
  4286 | D        | Bought a translucent jade ring for 45 gold pieces
  4286 | D        | Identified the ring "Age Imiu" {Will+ Stlth+} (You bought
                  | it in a shop in the Dungeon)
  4286 | D        | Bought a vibrating silver ring for 45 gold pieces
  4286 | D        | Identified the ring "Wikhion" {Wiz rElec Will- rCorr Str-2}
                  | (You bought it in a shop in the Dungeon)
  4286 | D        | Bought a wavering bone ring for 45 gold pieces
  4286 | D        | Identified the ring "Munuf" {Ice rPois rN+} (You bought it
                  | in a shop in the Dungeon)
  4286 | D        | Bought a twitching iron ring for 45 gold pieces
  4286 | D        | Identified the ring "Ohagiter" {Ice rN+} (You bought it in
                  | a shop in the Dungeon)
  4286 | D        | Bought a warped silver ring for 45 gold pieces
  4286 | D        | Identified the ring "Zivu" {*Corrode rN+ Will+ Int+2} (You
                  | bought it in a shop in the Dungeon)
  4298 | D        | Bought a shimmering kite shield for 332 gold pieces
  4298 | D        | Identified the +0 kite shield "Xigid" {*Corrode Regen+
                  | Int+3} (You bought it in a shop in the Dungeon)
  4300 | D        | Bought 3 scrolls of identify for 150 gold pieces
  4482 | D        | Round 26.
  4652 | D        | Arena points: 113032 (+14144) [x32]
  4669 | D        | Round 27.
  4712 | D        | Noticed an ancient lich
  4719 | D        | Killed an ancient lich
  4761 | D        | Reached skill level 27 in Axes
  4761 | D        | Reached skill level 15 in Evocations
  4772 | D        | Found the +4 dragonskin cloak
  4772 | D        | Noticed Tiamat
  4776 | D        | Noticed an orb of fire
  4777 | D        | Noticed an ancient lich
  4778 | D        | Lost mutation: You are robust. (+10% HP) [an orb of fire]
  4787 | D        | Killed Tiamat
  4788 | D        | Killed an ancient lich
  4788 | D        | Killed an orb of fire
  4788 | D        | Arena points: 126397 (+13365) [x33]
  4832 | D        | Got the Orb of Zot
  4909 | D        | Noticed Ziris the pandemonium lord
  4922 | D        | Killed Ziris the pandemonium lord
  4923 | D        | Reached skill level 27 in Invocations
  4967 | D        | Round 28.
  5049 | D        | Noticed Ivouqac the pandemonium lord
  5059 | D        | Killed Ivouqac the pandemonium lord
  5119 | D        | Arena points: 147341 (+20944) [x34]
  5141 | D        | Bought 3 potions of heal wounds for 105 gold pieces
  5141 | D        | Bought 3 potions of heal wounds for 105 gold pieces
  5141 | D        | Bought 3 potions of heal wounds for 105 gold pieces
  5150 | D        | Bought 6 potions of might for 168 gold pieces
  5150 | D        | Bought 3 potions of haste for 210 gold pieces
  5154 | D        | Bought a potion of lignification for 21 gold pieces
  5171 | D        | Round 29.
  5174 | D        | Noticed Nuxih the pandemonium lord
  5183 | D        | Killed Nuxih the pandemonium lord
  5184 | D        | Reached skill level 27 in Shields
  5200 | D        | Reached skill level 27 in Fighting
  5234 | D        | Arena points: 165611 (+18270) [x35]
  5249 | D        | Round 30.
  5250 | D        | Found the +13 sceptre of Asmodeus
  5250 | D        | Noticed Asmodeus
  5268 | D        | Noticed Vuyj the pandemonium lord
  5279 | D        | Killed Vuyj the pandemonium lord
  5280 | D        | Reached skill level 27 in Dodging
  5288 | D        | Killed Asmodeus
  5288 | D        | Arena points: 183371 (+17760) [x37]
  5290 | D        | Got an obsidian rune of Zot
  5418 | D        | Reached skill level 27 in Evocations
  5418 | D        | Reached skill level 1 in Stealth
  5454 | D        | Reached skill level 5 in Stealth
  5482 | D        | Round 31.
  5524 | D        | Reached skill level 15 in Stealth
  5602 | D        | Arena points: 204575 (+21204) [x38]
  5637 | D        | Reached skill level 27 in Stealth
  5647 | D        | Round 32.
  5648 | D        | Noticed Foch the pandemonium lord
  5650 | D        | Reached skill level 5 in Spellcasting
  5661 | D        | Killed Foch the pandemonium lord
  5706 | D        | Reached skill level 15 in Spellcasting
  5761 | D        | Noticed Ytoasapn the pandemonium lord
  5769 | D        | Killed Ytoasapn the pandemonium lord
  5779 | D        | Arena points: 225791 (+21216) [x39]
  5836 | D        | Round 33.
  5845 | D        | Noticed Lom Lobon
  5853 | D        | Killed Lom Lobon
  5853 | D        | Arena points: 248792 (+23001) [x41]
  5868 | D        | Got a magical rune of Zot
  5879 | D        | Bought a There-And-Back Book for 210 gold pieces
  5879 | D        | Bought a Necronomicon for 378 gold pieces
  5879 | D        | Bought a Grand Grimoire for 238 gold pieces
  5879 | D        | Bought a book of Annihilations for 420 gold pieces
  5883 | D        | Reached skill level 1 in Earth Magic
  5904 | D        | Noticed Uguapsev the pandemonium lord
  5918 | D        | Killed Uguapsev the pandemonium lord
  5952 | D        | Reached skill level 5 in Earth Magic
  5971 | D        | Gained mutation: You occasionally lose the ability to drink
                  | potions when taking damage. [a cacodemon]
  5972 | D        | Gained mutation: Your health recovers twice as slowly from
                  | being drained. [a cacodemon]
  6021 | D        | Round 34.
  6024 | D        | Gained mutation: You occasionally lose the ability to read
                  | scrolls when taking damage. [a neqoxec]
  6070 | D        | Gained mutation: You are frail. (-10% HP) [a neqoxec]
  6104 | D        | Gained mutation: You are clumsy. (Dex -2) [a neqoxec]
  6109 | D        | Reached skill level 10 in Earth Magic
  6110 | D        | Gained mutation: You sometimes lose the ability to drink
                  | potions when taking damage. [a neqoxec]
  6128 | D        | Gained mutation: You are very clumsy. (Dex -4) [a neqoxec]
  6135 | D        | Noticed Porchei the pandemonium lord
  6151 | D        | Gained mutation: You are weak. (Str -2) [a neqoxec]
  6153 | D        | Slain by Porchei the pandemonium lord

Illustrated notes

Levels and vault maps discovered:
D:        arena_sprint

Skill      XL: |  1  2  3  4  5  6  7  8  9 10 11 12 13 14 15 16 17 18 19 20 21 22 23 24 25 26 27 |
---------------+----------------------------------------------------------------------------------+-----
Invocations    | 1 3 5 7 8 9 11 13 15 16 17 18 19 20 21 22 23 27 | 27.0
Fighting       | 4 6 7 8 9 10 11 12 13 14 15 16 17 18 19 27 | 27.0
Axes           | 3 4 7 8 11 13 14 16 17 19 20 21 22 23 27 | 27.0
Dodging        | 5 6 7 8 9 10 11 13 14 15 16 17 27 | 27.0
Shields        | 4 6 7 8 9 10 11 13 15 16 18 19 20 27 | 27.0
Evocations     | 1 2 6 8 27 | 27.0
Stealth        | 27 | 27.0
Unarmed Combat | 3 |  3.9
Spellcasting   | 22 | 22.1
Earth Magic    | 11 | 11.7

Action                     |  1- 3 |  4- 6 |  7- 9 | 10-12 | 13-15 | 16-18 | 19-21 | 22-24 | 25-27 || total
---------------------------+-------+-------+-------+-------+-------+-------+-------+-------+-------++-------
  Melee: War axe           |    19 |    19 |    27 |       |       |       |       |       |       ||    65
         Tentacles         |     5 |     3 |    14 |    28 |    24 |     3 |    35 |     2 |   200 ||   314
         Constrict         |     1 |     4 |     8 |    13 |    13 |     3 |     1 |     1 |    57 ||   101
         Broad axe         |       |       |    24 |   115 |   104 |    14 |    87 |    16 |   537 ||   897
         Punch             |       |       |     2 |     3 |       |       |     2 |       |    18 ||    25
         Bite              |       |       |       |       |     2 |     3 |    21 |       |   124 ||   150
 Invoke: Elemental Force   |       |       |     2 |       |       |       |       |       |     4 ||     6
         Disaster Area     |       |       |     2 |     1 |     1 |       |     2 |       |    15 ||    21
         Upheaval          |       |       |       |       |       |       |       |       |     4 ||     4
  Evoke: Wand              |       |       |       |     5 |       |       |       |       |       ||     5
    Use: Potion            |     2 |       |     4 |     1 |     5 |     2 |    11 |     4 |    35 ||    64
         Scroll            |       |       |     3 |    12 |       |       |    10 |       |     3 ||    28
   Stab: Invisible         |       |       |       |     3 |       |       |       |       |       ||     3
         Paralysed         |       |       |       |       |       |       |       |       |    12 ||    12
         Distracted        |       |       |       |       |       |       |       |       |     1 ||     1
 Armour: Skin              |    11 |     8 |    16 |    15 |    18 |       |    35 |     4 |    90 ||   197
  Dodge: Dodged            |    13 |    18 |    18 |    26 |    29 |       |    28 |     2 |   283 ||   417
         Repelled          |       |       |     1 |     3 |     1 |       |     3 |       |     8 ||    16
  Block: Buckler           |     3 |     4 |    23 |       |       |       |       |       |       ||    30
         Kite shield       |       |       |       |    55 |       |       |       |       |       ||    55
         Tower shield      |       |       |       |    16 |   122 |    12 |   135 |    26 |   725 ||  1036
